 Dungeon Crawl Stone Soup version 0.31.0-32-g396128a36d (webtiles) character file.

Game seed: 16534530385103244827

41226 PaiMei the Black Sun (level 13, -5/106 HPs)
             Began as a Demonspawn Necromancer on Mar 13, 2024.
             Was a High Priest of Kikubaaqudgha.
             Slain by a death yak (25 damage)
             ... on level 4 of the Lair of Beasts.
             The game lasted 00:46:39 (28420 turns).

PaiMei the Black Sun (Demonspawn Necromancer)      Turns: 28420, Time: 00:46:40

Health: -5/106     AC:  8    Str: 10    XL:     13   Next: 78%
Magic:  1/28       EV: 22    Int: 20    God:    Kikubaaqudgha [*****.]
Gold:   1087       SH: 12    Dex: 19    Spells: 15/34 levels left

rFire   . . .        T - +12 morningstar "Demonspawn's Bane" {venom, rCorr Stlth+}
rCold   . . .        O - +0 buckler
rNeg    . . .        Q - +1 robe {Will+}
rPois   .            (no helmet)
rElec   .            c - +0 cloak
rCorr   +            (gloves unavailable)
SInv    .            B - +0 pair of boots
Will    +....        h - amulet of reflection
Stlth   +++          f - +5 ring of evasion
HPRegen 0.37/turn    W - +6 ring of dexterity
MPRegen 0.21/turn

%: reflection
@: no status effects
A: icy blue scales 2, demonic magic 2, demonic touch 3
a: Renounce Religion, Unearth Wretches, Torment


You were on level 4 of the Lair of Beasts.
You worshipped Kikubaaqudgha.
Kikubaaqudgha was extremely pleased with you.
You visited 3 branches of the dungeon, and saw 16 of its levels.
You also visited: Ossuary.

You collected 1087 gold pieces.

Inventory:

Hand Weapons
 A - a +5 hand axe of electrocution
 C - the +3 dagger of Reasonable Guilt {freeze, rC- rN+ SInv}
   (You took it off an orc on level 5 of the Dungeon)

   rC-:       It makes you vulnerable to cold.
   rN+:       It protects you from negative energy.
   SInv:      It lets you see invisible.
 T - the +12 morningstar "Demonspawn's Bane" (weapon) {venom, rCorr Stlth+}
   (You took it off an orc on level 7 of the Dungeon)

   rCorr:     It protects you from acid and corrosion.
   Stlth+:    It makes you more stealthy.
 Z - the +7 long sword of Doom {venom, Int+3 Dex+6}
   (You found it on level 5 of the Lair of Beasts)

   Int+3:     It affects your intelligence (+3).
   Dex+6:     It affects your dexterity (+6).
Missiles
 x - 7 atropa-tipped darts (quivered)
 N - 5 throwing nets
Armour
 c - a +0 cloak (worn)
 q - a +2 ring mail of poison resistance
 s - a scarf of invisibility
 y - the +1 leather armour "Zoethrog" {^Contam rN+ Regen+ Slay+3}
   (You found it on level 8 of the Dungeon)

   Slay+3:    It affects your accuracy & damage with ranged weapons and melee
   (+3).
   rN+:       It protects you from negative energy.
   ^Contam:   It causes magical contamination when unequipped.
   Regen+:    It increases your rate of health regeneration.
 B - a +0 pair of boots (worn)
 O - a +0 buckler (worn)
 Q - a +1 robe of willpower (worn)
Magical Staves
 t - a staff of death
Jewellery
 f - a +5 ring of evasion (left hand)
 h - an amulet of reflection (around neck)
 r - a ring of protection from fire
 u - a ring of wizardry
 U - a ring of protection from fire
 W - a +6 ring of dexterity (right hand)
Wands
 a - a wand of paralysis (18)
 K - a wand of iceblast (14)
 R - a wand of mindburst (12)
 Y - a wand of acid (7)
Scrolls
 d - 8 scrolls of teleportation
 e - 2 scrolls of blinking {unknown}
 g - a scroll of butterflies {unknown}
 i - 3 scrolls of vulnerability {unknown}
 j - 3 scrolls of fog {unknown}
 o - 4 scrolls of revelation {unknown}
 p - 2 scrolls of brand weapon {unknown}
 D - a scroll of poison {unknown}
 L - a scroll of immolation {unknown}
 M - 2 scrolls of amnesia {unknown}
 V - a scroll of noise {unknown}
 X - 2 scrolls of enchant armour {unknown}
Potions
 b - a potion of magic
 k - a potion of heal wounds
 l - 4 potions of attraction
 m - a potion of cancellation {unknown}
 n - 3 potions of berserk rage {unknown}
 v - 2 potions of might {unknown}
 z - 4 potions of resistance
 E - 3 potions of haste
 F - 4 potions of lignification
 G - 2 potions of curing
 H - 3 potions of mutation {unknown}
 I - 4 potions of brilliance
 J - a potion of enlightenment {unknown}
 P - 13 potions of ambrosia
 S - a potion of invisibility {unknown}


   Skills:
 - Level 11.0 Fighting
 + Level 4.3 Armour
 - Level 8.1 Dodging
 - Level 2.2 Stealth
 + Level 8.0 Shields
 + Level 11.4 Spellcasting
 + Level 14.0 Necromancy


You had 15 spell levels left.
You knew the following spells:

 Your Spells              Type           Power      Damage    Failure   Level
a - Necrotise             Necr           100%       1d9       1%          1
b - Vampiric Draining     Necr           61%        2d10      1%          3
c - Animate Dead          Necr           61%        N/A       1%          4
d - Curse of Agony        Necr           61%        N/A       1%          5
e - Dispel Undead         Necr           61%        3d21      1%          4
f - Sublimation of Blood  Necr           61%        N/A       1%          2

Your spell library contained the following spells:

 Spells                   Type           Power      Damage    Failure   Level
 Kiss of Death            Conj/Necr      100%       2d13      1%          1
 Cigotuvi's Dreadful Rot  Necr/Alch/Air  60%        N/A       1%          2
 Fugue of the Fallen      Necr           61%        N/A       1%          3
 Death Channel            Necr           30%        N/A       3%          6
 Anguish                  Hex/Necr       19%        N/A       4%          4
 Martyr's Knell           Necr/Summ      39%        N/A       4%          4
 Shock                    Conj/Air       44%        1d5       8%          1
 Summon Small Mammal      Summ           44%        N/A       8%          1
 Ensorcelled Hibernation  Hex/Ice        22%        N/A       12%         2
 Call Canine Familiar     Summ           11%        N/A       24%         3
 Dazzling Flash           Conj/Hex       22%        N/A       24%         3
 Passwall                 Erth           11%        N/A       24%         3
 Swiftness                Air            11%        N/A       24%         3
 Volatile Blastmotes      Fire/Tloc      22%        2d11      24%         3
 Summon Blazeheart Golem  Fire/Summ      11%        N/A       61%         4
 Starburst                Conj/Fire      5%         6d4       100%        6
 Orb of Destruction       Conj           5%         9d5       100%        7
 Spellforged Servitor     Conj/Summ      5%         N/A       100%        7
 Maxwell's Capacitive Co  Air            5%         ∞         100%        8


Dungeon Overview and Level Annotations

Branches:
Dungeon (10/15)            Temple (1/1) D:4            Lair (5/5) D:9
 Shoals (0/4) Lair:3       Spider (0/4) Lair:2        Slime (0/5) Lair:4
    Orc (0/2) D:9         Ossuary (visited)

Altars:
Ashenzari
Cheibriados
Dithmenos
Fedhas
Gozag
Hepliaklqana
Kikubaaqudgha
Makhleb
Nemelex Xobeh
Okawaru
Qazlal
Ru
Sif Muna
Trog
Uskayaw
Vehumet
Wu Jian
Xom
Yredelemnul
Jiyva

Shops:
D:7 *

Annotations:
D:5 3 runed translucent doors, monsoonserge's ghost, amateur OpFi


Innate Abilities, Weirdness & Mutations

You are mostly covered in icy blue scales. (AC +3)
Spells you cast may paralyse nearby enemies.
Your touch may irresistibly damage your foes and sap their willpower.


Message History

Aiming: Vampiric Draining (safe; 1% risk of failure)
Press: ? - help, Shift-Dir - straight line, f/p - death yak
Aim: a death yak (heavily wounded, very poisoned)
You draw life force from the death yak!
You feel life coursing into your body. Malevolent energies surge around you.
The death yak closely misses you. You block the death yak's attack.
Casting: Vampiric Draining (safe; 1% risk of failure)
Confirm with . or Enter, or press ? or * to list all spells.
Aiming: Vampiric Draining (safe; 1% risk of failure)
Press: ? - help, Shift-Dir - straight line, f/p - death yak
Aim: a death yak (heavily wounded, very poisoned)
You draw life force from the death yak!
You feel life coursing into your body. Malevolent energies surge around you.
The death yak suddenly stops moving!
The death yak gores you!
* * * LOW HITPOINT WARNING * * *
You bludgeon the death yak!!
The death yak is almost dead.
You block the death yak's attack.
Casting: Vampiric Draining (safe; 1% risk of failure)
Confirm with . or Enter, or press ? or * to list all spells.
Aiming: Vampiric Draining (safe; 1% risk of failure)
Press: ? - help, Shift-Dir - straight line, f/p - death yak
Aim: a death yak (almost dead, very poisoned)
You draw life force from the death yak.
You feel life coursing into your body. Malevolent energies surge around you.
The death yak is no longer paralysed.
The death yak gores you!
* * * LOW HITPOINT WARNING * * *
You block the death yak's attack.
Casting: Vampiric Draining (safe; 1% risk of failure)
Confirm with . or Enter, or press ? or * to list all spells.
Aiming: Vampiric Draining (safe; 1% risk of failure)
Press: ? - help, Shift-Dir - straight line, f/p - death yak
Aim: a death yak (almost dead, very poisoned)
You draw life force from the death yak!
You kill the death yak!
Kikubaaqudgha accepts your kill.
You feel life coursing into your body. Malevolent energies surge around you.
The death yak gores you!!
You die...
Kikubaaqudgha rasps: "You have failed me!
Welcome... death!"

...♣♣..♣♣.♣P##...................
#.....♣♣P.♣###.............#..##.
#......♣♣♣.###.............####..
........♣♣#.##.....#........# ##)
#..........................## #..
#.........................#####..
............>.[...........# #....
###....#.................## ##...
###............@.........# #...
##.............Y.........## ##..
........................## #...
#.......##............#### ##..
.....##.#.#......P..####.#####...
..########.....P....###..#.......
.## #.#..###....###......... ..##
####.# ##...##P.....#.#. ...#####
### ##..............


You could see a death yak.

Vanquished Creatures
  Fannar (Lair:2)
  A hydra (Lair:3)
  Harold (Lair:1)
  A catoblepas (Lair:3)
  2 boulder beetles
  5 death yaks
  A necromancer (Lair:3)
  2 manticores
  An oklob plant (Lair:2)
  Maurice (D:9)
  3 elephants (Lair:3)
  2 black mambas
  11 cane toads
  2 rime drakes
  4 komodo dragons
  Maggie (D:6)
  A kobold demonologist (D:10)
  A troll (D:9)
  3 hornets
  A queen bee (Lair:3)
  7 polar bears
  16 blink frogs
  9 dream sheep
  A wraith (D:8)
  Eustachio (D:5)
  29 yaks
  5 wyverns
  A basilisk (Lair:1)
  A steam dragon (D:7)
  15 water moccasins
  Duvessa (D:6)
  3 orc warriors
  2 ice beasts
  A sky beast (D:7)
  5 black bears
  14 wolves
  2 phantoms
  3 centaurs
  Blork the orc (D:6)
  2 kobold brigands
  6 bullfrogs
  4 gnoll sergeants
  3 scorpions
  5 wights (D:8)
  Dowan (D:6)
  17 killer bees
  4 howler monkeys (D:9)
  5 electric eels
  9 jellies
  9 orc priests
  5 hounds
  A gnoll bouda (D:9)
  Jessica (D:3)
  2 sleepcaps
  6 iguanas
  Ijyb (D:5)
  18 orc wizards
  3 yak simulacra (Lair:3)
  3 polar bear simulacra (Lair:3)
  2 wolf simulacra (Lair:3)
  8 mummies (Ossuary)
  25 gnolls
  5 adders
  A river rat (Lair:3)
  A shadow imp (D:6)
  2 white imps
  2 ufetubi (D:5)
  2 ribbon worms (Lair:2)
  30 orcs
  11 ball pythons
  7 bats
  9 endoplasms
  3 giant cockroaches
  9 goblins
  9 hobgoblins
  2 jackals (D:1)
  2 quokkas
  2 frilled lizards (D:1)
  2 gnoll zombies (Ossuary)
  2 hobgoblin zombies (Ossuary)
  12 kobolds
  A kobold zombie (Ossuary)
  3 orc zombies (Ossuary)
  5 rats
  2 river rat simulacra (Lair:3)
426 creatures vanquished.

Vanquished Creatures (collateral kills)
  A cane toad (Lair:2)
  A molten gargoyle (Lair:2)
  A rime drake (Lair:4)
  2 komodo dragons
  A polar bear (Lair:5)
  5 blink frogs
  A wind drake (Lair:3)
  4 dream sheep (Lair:3)
  5 yaks
  8 wolves
  2 bullfrogs
  A scorpion (Lair:2)
  12 killer bees (Lair:3)
  An electric eel (Lair:2)
  A howler monkey (D:9)
  An orc priest (D:9)
  A wolf simulacrum (Lair:3)
  A ribbon worm (Lair:2)
  An orc (D:3)
  2 ball pythons (D:1)
  An endoplasm (D:1)
  2 goblins (D:1)
55 creatures vanquished.

Vanquished Creatures (others)
  A hydra zombie (Lair:3)
  3 cane toad zombies
  A hornet zombie (Lair:5)
  A wolf (Lair:5)
  2 komodo dragon zombies
  2 polar bear zombies (Lair:5)
  A bullfrog zombie (Lair:1)
  An orc wizard (D:5)
  A scorpion zombie (Lair:2)
  A gnoll (D:6)
  2 orcs (D:9)
16 creatures vanquished.

Grand Total: 497 creatures vanquished

Notes
Turn   | Place    | Note
-------+----------+-------------------------------------------
     0 | D:1      | PaiMei the Demonspawn Necromancer began the quest for the
                  | Orb.
     0 | D:1      | Reached XP level 1. HP: 13/13 MP: 3/3
   178 | D:1      | Gained mutation: You are partially covered in icy blue
                  | scales. (AC +2) [demonic ancestry]
   178 | D:1      | Reached XP level 2. HP: 19/19 MP: 0/5
   807 | D:1      | Found a faded altar of an unknown god.
   864 | D:1      | Got Plato's Folio of Gases
   966 | D:1      | Reached XP level 3. HP: 24/24 MP: 3/6
   970 | D:1      | Learned a level 3 spell: Vampiric Draining
  2128 | D:3      | Noticed Jessica
  2136 | D:3      | Killed Jessica
  2137 | D:3      | Gained mutation: You are mostly covered in icy blue scales.
                  | (AC +3) [demonic ancestry]
  2137 | D:3      | Reached XP level 4. HP: 30/31 MP: 1/8
  2285 | D:3      | Reached skill level 1 in Fighting
  2423 | D:3      | Found a shimmering altar of Xom.
  2479 | D:3      | Found a blossoming altar of Fedhas.
  2517 | D:3      | Reached skill level 5 in Necromancy
  3155 | D:3      | Gained mutation: Your touch may inflict minor irresistible
                  | damage on your foes. [demonic ancestry]
  3155 | D:3      | Reached XP level 5. HP: 23/37 MP: 1/9
  3543 | D:3      | Found a burning altar of Makhleb.
  3874 | D:4      | Found a hazy altar of Hepliaklqana.
  4221 | D:4      | Found a staircase to the Ecumenical Temple.
  4229 | Temple   | Entered the Ecumenical Temple
  4249 | D:4      | Found an opulent altar of Gozag.
  4476 | D:4      | Reached XP level 6. HP: 24/44 MP: 4/11
  4996 | D:5      | Entered Level 5 of the Dungeon
  4996 | D:5      | Noticed Eustachio
  5251 | D:5      | Found a runed translucent gate.
  5251 | D:5      | Found a runed translucent gate.
  5253 | D:5      | Found a runed translucent gate.
  5297 | D:5      | Identified the +3 dagger of Reasonable Guilt {freeze, rC-
                  | rN+ SInv}
  5326 | D:5      | Reached skill level 6 in Necromancy
  5326 | D:5      | Reached XP level 7. HP: 49/52 MP: 0/12
  5614 | D:5      | Found a sand-covered staircase.
  5620 | Ossuary  | Entered an ossuary
  6140 | D:5      | Noticed Ijyb
  6151 | D:5      | Killed Ijyb
  6435 | D:4      | Reached XP level 8. HP: 60/60 MP: 4/14
  6590 | D:5      | Killed Eustachio
  6591 | D:5      | Reached skill level 7 in Necromancy
  7086 | D:5      | Noticed monsoonserge's ghost (amateur OpFi)
  7167 | D:6      | Noticed Dowan
  7175 | D:6      | Reached skill level 5 in Spellcasting
  7380 | D:5      | Reached skill level 5 in Dodging
  7788 | D:6      | Reached skill level 5 in Fighting
  7855 | D:6      | Noticed Maggie
  7856 | D:6      | Noticed Blork the orc
  7958 | D:6      | Killed Blork the orc
  7975 | D:6      | Killed Maggie
  7976 | D:6      | Gained mutation: Your touch may inflict irresistible damage
                  | on your foes. [demonic ancestry]
  7976 | D:6      | Reached XP level 9. HP: 27/68 MP: 2/17
  8133 | D:6      | Noticed Duvessa
  9043 | D:6      | Killed Duvessa
  9044 | D:6      | Reached skill level 8 in Necromancy
  9047 | D:6      | Killed Dowan
  9420 | D:7      | Found Huess's Assorted Antiques.
  9799 | D:7      | Identified the +12 morningstar "Demonspawn's Bane" {venom,
                  | rCorr Stlth+}
 10711 | D:8      | Found an ancient bone altar of Kikubaaqudgha.
 10735 | D:8      | Became a worshipper of Kikubaaqudgha
 10748 | D:8      | Noticed Maurice
 10749 | D:8      | Paralysed by Maurice for 5 turns
 10757 | D:8      | Something stole a staff of death
 10760 | D:9      | Something stole 38 gold
 10763 | D:9      | Something stole 2 throwing nets
 10766 | D:9      | Something stole 540 gold
 10778 | D:9      | Reached skill level 9 in Necromancy
 10785 | D:9      | Killed Maurice
 10786 | D:9      | Gained mutation: Spells you cast may paralyse adjacent
                  | enemies. [demonic ancestry]
 10786 | D:9      | Reached XP level 10. HP: 19/77 MP: 2/20
 10807 | D:9      | Noticed a manticore
 10813 | D:9      | Killed a manticore
 11418 | D:9      | Found a staircase to the Lair.
 12136 | D:9      | Reached * piety under Kikubaaqudgha
 12136 | D:9      | Received a gift from Kikubaaqudgha
 12783 | D:9      | Found a staircase to the Orcish Mines.
 12908 | D:9      | Found a stormy altar of Qazlal.
 13260 | D:8      | Identified the +1 leather armour "Zoethrog" {^Contam rN+
                  | Regen+ Slay+3}
 13511 | D:8      | Found an iron altar of Okawaru.
 13631 | D:8      | Reached skill level 10 in Necromancy
 13702 | D:8      | Found a sacrificial altar of Ru.
 13702 | D:8      | Found a shimmering blue altar of Sif Muna.
 13788 | D:10     | Entered Level 10 of the Dungeon
 14122 | D:10     | Found a basalt altar of Yredelemnul.
 14183 | D:10     | Reached ** piety under Kikubaaqudgha
 14766 | D:10     | Gained mutation: Your touch may irresistibly damage your
                  | foes and sap their willpower. [demonic ancestry]
 14766 | D:10     | Reached XP level 11. HP: 70/86 MP: 0/23
 15086 | Lair:1   | Entered Level 1 of the Lair of Beasts
 15092 | Lair:1   | Learned a level 4 spell: Animate Dead
 15098 | Lair:1   | Learned a level 5 spell: Curse of Agony
 15103 | Lair:1   | Learned a level 4 spell: Dispel Undead
 15106 | Lair:1   | Learned a level 2 spell: Sublimation of Blood
 15247 | Lair:1   | Reached skill level 1 in Shields
 15251 | Lair:1   | Noticed a boulder beetle
 15261 | Lair:1   | Killed a boulder beetle
 16334 | D:9      | Reached skill level 11 in Necromancy
 16649 | Lair:1   | Noticed Harold
 17051 | Lair:1   | Killed Harold
 17826 | Lair:2   | Noticed Fannar
 17851 | Lair:2   | Killed Fannar
 18026 | Lair:2   | Reached XP level 12. HP: 96/97 MP: 10/25
 18262 | Lair:2   | Reached *** piety under Kikubaaqudgha
 18262 | Lair:2   | Received a gift from Kikubaaqudgha
 18702 | Lair:2   | Reached skill level 10 in Fighting
 18708 | Lair:2   | Reached skill level 12 in Necromancy
 18833 | Lair:2   | Found a broken altar of Ashenzari.
 19009 | Lair:2   | Reached skill level 5 in Shields
 19100 | Lair:2   | Found a hole to the Spider Nest.
 19111 | Lair:2   | Noticed a boulder beetle
 19122 | Lair:2   | Killed a boulder beetle
 20148 | Lair:3   | Reached skill level 10 in Spellcasting
 20659 | Lair:3   | Reached **** piety under Kikubaaqudgha
 20885 | Lair:3   | Found a staircase to the Shoals.
 21843 | Lair:4   | Reached skill level 13 in Necromancy
 21843 | Lair:4   | Gained mutation: Spells you cast may paralyse nearby
                  | enemies. [demonic ancestry]
 21843 | Lair:4   | Reached XP level 13. HP: 106/106 MP: 14/27
 22017 | Lair:4   | Found a staircase to the Slime Pits.
 22017 | Lair:4   | Found a viscous altar of Jiyva.
 22325 | Lair:4   | Reached skill level 1 in Armour
 23791 | Lair:3   | Reached ***** piety under Kikubaaqudgha
 23915 | Lair:5   | Entered Level 5 of the Lair of Beasts
 24182 | Lair:4   | HP: 5/106 [poisoned by a swamp dragon (poison gas)]
 24187 | Lair:4   | HP: 2/106 [poisoned by a swamp dragon (poison gas)]
 25459 | Lair:5   | HP: 2/106 [polar bear (14)]
 27982 | Lair:5   | Identified the +7 long sword of Doom {venom, Int+3 Dex+6}
 28414 | Lair:4   | Reached skill level 14 in Necromancy
 28420 | Lair:4   | Slain by a death yak

Illustrated notes

Levels and vault maps discovered:
D:1:      spicycebolla_arrival_xxxplode, layout_rooms,
          shapermc_ecumenical_altar_rom_forum
D:2:      layout_basic, minivault_11
D:3:      layout_basic, lemuel_tele_altar, demons_altar, lemuel_doored_altar,
          corner_web_ring, uniq_jessica
D:4:      layout_basic, grunt_temple_overflow_gold_and_silver,
          nzn_hepliaklqana_mist_gate, minmay_temple_entry_statues_pillars
D:5:      layout_loops_ring, nicolae_ossuary_entry_plus, gammafunk_ghost_icy,
          uniq_ijyb, uniq_eustachio
D:6:      layout_cave_pools, uniq_maggie, uniq_duvessa, uniq_blork_the_orc
D:7:      layout_rooms, serial_shops, shop
D:8:      layout_basic, gammafunk_temple_overflow_statue,
          mainiacjoe_overflow_alcove_1, kennysheep_little_box, uniq_maurice
D:9:      layout_cave_pools, nicolae_qazlal_eye_of_the_storm, erik_lair_island,
          orc_0_dummy
D:10:     layout_rooms, nicolae_overflow_crystal_walls
Temple:   dpeg_chambers_temple
Lair:1:   layout_loops_ring, uniq_harold
Lair:2:   layout_gridlike, nicolae_spider_entry_non_spiders, lemuel_oklob_altar,
          serial_bayou_shore_a, grunt_megastairs_3, uniq_fannar
Lair:3:   layout_roguey [special_room_bee], minmay_shoals_entry_beasts,
          eino_house_with_fridge
Lair:4:   wad_woods_04, layout_hall_layers, nicolae_slime_entry_slimehenge
Lair:5:   minmay_lair_end_enchanted_forest, layout_concentric_octagons,
          hibernation_bobbens

Skill      XL: |  1  2  3  4  5  6  7  8  9 10 11 12 13 |
---------------+----------------------------------------+-----
Dodging        | 2 3 4 5 6 8 |  8.1
Stealth        | 2 |  2.2
Fighting       | 1 2 3 4 5 6 8 9 11 | 11.0
Necromancy     | 5 6 7 9 10 11 13 14 | 14.0
Spellcasting   | 3 4 5 6 8 9 10 11 | 11.4
Shields        | 4 6 8 |  8.0
Armour         | 4 |  4.3

Action                     |  1- 3 |  4- 6 |  7- 9 | 10-12 | 13-15 || total
---------------------------+-------+-------+-------+-------+-------++-------
  Melee: Unarmed           |    11 |       |       |       |       ||    11
         Punch             |     1 |       |       |     4 |       ||     5
         Dagger            |       |     2 |       |       |       ||     2
         Long sword        |       |    30 |       |       |       ||    30
         Short sword       |       |    13 |   106 |       |       ||   119
         Touch             |       |     2 |    40 |    33 |       ||    75
         Whip              |       |       |    29 |       |       ||    29
         Hand axe          |       |       |    41 |       |       ||    41
         Morningstar       |       |       |    27 |   224 |   123 ||   374
   Cast: Necrotise         |    67 |    93 |    79 |   133 |    62 ||   434
         Vampiric Draining |       |    10 |    91 |   252 |   118 ||   471
         Animate Dead      |       |       |       |     7 |     5 ||    12
         Curse of Agony    |       |       |       |       |     3 ||     3
  Evoke: Wand              |       |       |     5 |    12 |       ||    17
    Use: Scroll            |       |       |     7 |     3 |     6 ||    16
         Potion            |       |       |     2 |     5 |     2 ||     9
   Stab: Sleeping          |       |       |     1 |       |       ||     1
         Paralysed         |       |       |       |    44 |    20 ||    64
         Distracted        |       |       |       |     2 |       ||     2
 Armour: Robe              |    15 |    37 |   175 |   231 |   104 ||   562
  Dodge: Dodged            |    21 |    62 |   268 |   444 |   255 ||  1050
  Block: Other             |     2 |    16 |    76 |    73 |       ||   167
         Reflection        |       |     1 |       |     3 |     1 ||     5
         Buckler           |       |       |       |    96 |   159 ||   255
